 Dungeon Crawl Stone Soup version 0.29.0-4-gdea44cf6ec (webtiles) character file.

Game seed: 1635594948811508733

7 qw the Sneak (level 2, -1/22 HPs)
             Began as a Ghoul Enchanter on Sept 8, 2022.
             Slain by a jackal (2 damage)
             ... on level 1 of the Dungeon.
             The game lasted 00:00:10 (405 turns).

qw the Sneak (Ghoul Enchanter)                       Turns: 405, Time: 00:00:10

Health: -1/22      AC:  2    Str: 11    XL:     2   Next: 4%
Magic:  3/3        EV: 12    Int: 10    God:
Gold:   31         SH:  0    Dex:  9    Spells: 4/4 levels left

rFire   . . .      SeeInvis .   a - +1 dagger
rCold   + . .      Faith    .   (no shield)
rNeg    + + +      Spirit   .   b - +0 robe
rPois   inf        Reflect  .   (no helmet)
rElec   .          Harm     .   (no cloak)
rCorr   .          Rampage  .   (no gloves)
Will    .....                   (no boots)
Stlth   ++........              (no amulet)
HPRegen 0.00/turn               (no ring)
MPRegen 0.08/turn               (no ring)

@: inhibited regen
A: claws 1, cold resistance 1, negative energy resistance 3, inhibited
regeneration, torment resistance 2, devour on kill
a: no special abilities


You were on level 1 of the Dungeon.
You visited 1 branch of the dungeon, and saw 1 of its levels.

You collected 31 gold pieces.


Innate Abilities, Weirdness & Mutations

You are immune to poison.
You have sharp fingernails.
Your flesh is cold resistant. (rC+)
You are immune to negative energy. (rN+++)
You do not regenerate when monsters are visible.
You are immune to unholy pain and torment.
You thrive by killing the living.


   Skills:
 + Level 0.9 Fighting
 - Level 0.8 Short Blades
 - Level 1.0 Axes
 - Level 1.7 Dodging
 - Level 3.2 Stealth
 - Level 1.7 Spellcasting
 - Level 2.4 Hexes


You had 4 spell levels left.
You didn't know any spells.
Your spell library contained the following spells:

 Spells                   Type           Power      Damage    Failure   Level
 Ensorcelled Hibernation  Hex/Ice        6%         N/A       30%         2
 Confusing Touch          Hex            5%         N/A       34%         3
 Tukima's Dance           Hex            5%         N/A       34%         3
 Dazzling Flash           Conj/Hex       6%         N/A       52%         3

Inventory:

Hand Weapons
 a - a +1 dagger (weapon)
Armour
 b - a +0 robe (worn)
Scrolls
 e - a scroll of identify {unknown}
Potions
 c - 2 potions of invisibility
 d - a potion of mutation {unknown}

Dungeon Overview and Level Annotations

Branches:
Dungeon (1/15)

Altars:


Message History

The endoplasm freezes you.
You are frozen.
You resist.
The jackal barks!
You hit the endoplasm.
You kill the endoplasm!
You hear a shout!
The jackal bites you but does no damage.
The frilled lizard barely misses you.
A kobold comes into view. It is wielding a +0 short sword.
A giant cockroach comes into view.
You have reached level 2!
You closely miss the jackal. The jackal barely misses you.
The frilled lizard closely misses you. The jackal closely misses you.
The jackal misses you.
399 ||| Stepping ~*~*~tactically~*~*~ (outnumbered).
The jackal attacks as you move away! The jackal closely misses you.
The rat barely misses you.
400 ||| Stepping ~*~*~tactically~*~*~ (outnumbered).
The jackal attacks as you move away!
The jackal bites you but does no damage.
The jackal attacks as you move away! The jackal barely misses you.
The rat attacks as you move away! The rat barely misses you.
You closely miss the jackal.
A goblin comes into view. It is wielding a +0 dagger.
The jackal bites you.
The jackal bites you but does no damage.
402 ||| Stepping ~*~*~tactically~*~*~ (outnumbered).
The jackal attacks as you move away! The jackal closely misses you.
The jackal bites you.
You hit the jackal.
The jackal is moderately wounded.
The jackal bites you.
You closely miss the jackal.
The jackal is moderately wounded.
The jackal bites you but does no damage. x2
The jackal misses you. The jackal barely misses you.
You barely miss the jackal.
The jackal is moderately wounded.
The jackal bites you.
You die...

#........#. . #......$..
..#........# #.#
...........# # #.#
#..........# .. # #.#
#.........g##.... # #.#
#......[lrK.....[ # #.#
#.lhh###.###. # #.#
#.####.#@....... # #.#
.#....#hhh.##..##
###.###.####............
....................#.#
.##.#'####+####+#...# #
.##.#...........#...###.##
..#.######<#######.......#
........##### #.....#....
#####.......####..........


You could see 5 jackals, a goblin, a kobold, 2 frilled lizards and a rat.

Vanquished Creatures
  A bat (D:1)
  An endoplasm (D:1)
  2 giant cockroaches (D:1)
  2 goblins (D:1)
6 creatures vanquished.

Notes
Turn   | Place    | Note
-------+----------+-------------------------------------------
     0 | D:1      | qw the Ghoul Enchanter began the quest for the Orb.
     0 | D:1      | Reached XP level 1. HP: 14/14 MP: 2/2
     0 | D:1      | 0 ||| qw: Version: 0.1-a-112-g44dc6cd
     0 | D:1      | 0 ||| qw: Game counter: 6658
     0 | D:1      | 0 ||| qw: Always use a shield: true
     0 | D:1      | 0 ||| qw: God list: Okawaru
     0 | D:1      | 0 ||| qw: Allow faded altars: false
     0 | D:1      | 0 ||| qw: Do Orc after D:15 true
     0 | D:1      | 0 ||| qw: Do second Lair branch before Depths: true
     0 | D:1      | 0 ||| qw: Lair rune preference: random
     0 | D:1      | 0 ||| qw: Plans: Normal
     0 | D:1      | 0 ||| PLANNING D:1-11
   240 | D:1      | Reached skill level 1 in Axes
   393 | D:1      | 393 ||| Stepping ~*~*~tactically~*~*~ (stealth).
   398 | D:1      | Reached XP level 2. HP: 6/22 MP: 3/3
   399 | D:1      | 399 ||| Stepping ~*~*~tactically~*~*~ (outnumbered).
   400 | D:1      | 400 ||| Stepping ~*~*~tactically~*~*~ (outnumbered).
   401 | D:1      | HP: 3/22 [jackal (3)]
   402 | D:1      | 402 ||| Stepping ~*~*~tactically~*~*~ (outnumbered).
   403 | D:1      | HP: 1/22 [jackal (1)]
   405 | D:1      | Slain by a jackal

Levels and vault maps discovered:
D:1:      minmay_arrival_three_doors, layout_rooms, minmay_tripent

Skill      XL: |  1 |
---------------+----+-----
Axes           | 1 |  1.0
Fighting       | |  0.9
Short Blades   | |  0.8
Dodging        | |  1.7
Stealth        | |  3.2
Spellcasting   | |  1.7
Hexes          | |  2.4

Action                   || total
-------------------------++-------
Melee: Dagger            ||    40
       Punch             ||     2
 Stab: Sleeping          ||     1
Armor: Robe              ||    10
Dodge: Dodged            ||    27

Table legend:
 A = Non-vault XP
 B = Vault XP
 C = Vault XP percentage of total XP
 D = Non-vault monster count
 E = Vault monster count
 F = Vault count percentage of total count
                 A         B        C        D         E       F
            +---------+---------+-------+---------+---------+-------
      Total |       7 |       4 |  36.4 |       4 |       2 |  33.3
            +---------+---------+-------+---------+---------+-------
        D:1 |       7 |       4 |  36.4 |       4 |       2 |  33.3
            +---------+---------+-------+---------+---------+-------
